 Dungeon Crawl Stone Soup version 0.24-a0-381-g637bb3806f (webtiles) character file.

Game seed: 5180691122771806436

35226 Ijustatesigmund the Epochal (level 13, -5/95 HPs)
             Began as an Octopode Fighter on June 3, 2019.
             Was an Elder of Cheibriados.
             Slain by an eight-headed hydra (6 damage)
             ... on level 2 of the Lair of Beasts.
             The game lasted 00:36:51 (17131 turns).

Ijustatesigmund the Epochal (Octopode Fighter)     Turns: 17131, Time: 00:36:51

Health: -5/95      AC: 14    Str: 30    XL:     13   Next: 82%
Magic:  0/22       EV: 16    Int: 25    God:    Cheibriados [****..]
Gold:   928        SH: 21    Dex: 30    Spells: 12/12 levels left

rFire    . . .     SeeInvis +   t - +1 flail (protect)
rCold    . . .     Gourm    .   a - +1 large shield {reflect}
rNeg     + . .     Faith    .   D - +1 hat
rPois    .         Spirit   +   u - amulet "Juapog" {Spirit +Fly MR- Int+4 Stlth+}
rElec    .         Reflect  +   e - ring of positive energy
rCorr    +         Harm     .   h - ring of resist corrosion
MR       .....                  i - ring of see invisible
Stlth    +++++++...             b - +4 ring of dexterity
HPRegen  0.25/turn              B - ring of protection from magic
MPRegen  0.18/turn              E - +3 ring of protection
                                (no ring)
                                (no ring)

@: mighty, protection aura, very slow
A: almost no armour, stealthy swim, amphibious, 8 rings, constrict 8, thin
metallic scales 1, camouflage 1, gelatinous body 1, MP-powered wands
a: Bend Time, Temporal Distortion, Slouch, Renounce Religion, Evoke Flight


You were on level 2 of the Lair of Beasts.
You worshipped Cheibriados.
Cheibriados was greatly pleased with you.
You were not hungry.

You visited 3 branches of the dungeon, and saw 15 of its levels.
You also visited: Ice Cave.

You collected 1013 gold pieces.
You spent 85 gold pieces at shops.

Inventory:

Hand Weapons
 o - a +1 morningstar of freezing
 t - a +1 flail of protection (weapon)
Armour
 a - a +1 large shield of reflection (worn)
 r - a +0 hat of intelligence
 D - a +1 hat (worn)
Jewellery
 b - a +4 ring of dexterity (on tentacle)
 e - a ring of positive energy (left tentacle)
 h - a ring of resist corrosion (right tentacle)
 i - a ring of see invisible (on tentacle)
 u - the amulet "Juapog" (around mantle) {Spirit +Fly MR- Int+4 Stlth+}
   (You took it off Edmund on level 6 of the Dungeon)

   [amulet of guardian spirit]

   It causes incoming damage to be split between your health and magic.
   It affects your intelligence (+4).
   It affects your resistance to hostile enchantments.
   It lets you fly.
   It makes you more stealthy.
 A - an uncursed ring of fire
 B - a ring of protection from magic (on tentacle)
 C - an uncursed ring of ice
 E - a +3 ring of protection (on tentacle)
 F - an uncursed ring of ice
Wands
 g - a wand of iceblast (4)
 l - a wand of polymorph (28)
 p - a wand of digging (5)
 y - a wand of flame (19)
 z - a wand of disintegration (11)
Scrolls
 k - 3 scrolls of identify
 n - 7 scrolls of remove curse
 s - a scroll of amnesia
 x - 2 scrolls of enchant weapon
Potions
 j - 3 potions of brilliance
 m - 3 potions of flight
 q - a potion of ambrosia
 v - a potion of lignification
 w - 2 potions of cancellation
Comestibles
 d - 27 rations


   Skills:
 - Level 11.4 Fighting
 - Level 11.6 Maces & Flails
 + Level 5.5 Dodging
 - Level 7.4 Stealth
 + Level 9.6 Shields
 + Level 12.6 Invocations
 - Level 5.6 Evocations


You had 12 spell levels left.
You didn't know any spells.
Your spell library contained the following spells:

 Spells                   Type           Power        Failure   Level  Hunger
 Corona                   Hex            #......      69%         1    ##.....
 Ensorcelled Hibernation  Hex/Ice        #.....       83%         2    ###....
 Confuse                  Hex            #.......     96%         3    ####...
 Dazzling Spray           Conj/Hex       #.....       96%         3    ####...
 Tukima's Dance           Hex            #.......     96%         3    ####...


Dungeon Overview and Level Annotations

Branches:
Dungeon (12/15)            Temple (1/1) D:7            Lair (2/6) D:11
  Swamp (0/4) Lair:2        Snake (0/4) Lair:2          Orc (0/2) D:11

Altars:
Cheibriados
Dithmenos
Fedhas
Gozag
Kikubaaqudgha
Makhleb
Nemelex Xobeh
Okawaru
Ru
Sif Muna
Trog
Uskayaw
Vehumet
Wu Jian
Xom
The Shining One

Shops:
D:6 [   D:11 [   D:12 %

Annotations:
D:10 4 runed translucent doors


Innate Abilities, Weirdness & Mutations

You cannot wear most types of armour.
You are very stealthy in the water. (Stealth+)
You are amphibious.
You can wear up to eight rings at the same time.
You can use your tentacles to constrict eight enemies at once.
Your skin changes colour to match your surroundings (Stealth+).
Your rubbery body absorbs attacks. (AC +1, EV +1)
You are partially covered in thin metallic scales. (AC +2)
You expend magic power (3 MP) to strengthen your wands.


Message History

You block the eight-headed hydra's attack.
The eight-headed hydra bites you but does no damage.
You feel very mighty all of a sudden.
You block the eight-headed hydra's attack. x3
The eight-headed hydra bites you but does no damage.
The eight-headed hydra closely misses you.
The eight-headed hydra misses you.
The eight-headed hydra completely misses you.
The eight-headed hydra closely misses you.
Your shield prevents you from hitting the eight-headed hydra.
You squeeze the eight-headed hydra!!
The eight-headed hydra is almost dead.
You block the eight-headed hydra's attack. x3
The eight-headed hydra bites you!
* * * LOW HITPOINT WARNING * * *
The eight-headed hydra bites you.
* * * LOW HITPOINT WARNING * * *
The eight-headed hydra bites you but does no damage.
The eight-headed hydra bites you.
You die...

#..########.#####
#...##...........
##..#.##..........
#.................
##..P.###.[........
#....###.#......[..
###...#.###.#........
#P......######....... ###
##...@....# ##.....# #.##
##..#D....## ####### ##.##
##..#.....## ##.##
##..##.....# ######
##..####..###.....####.#P.##
##....##...##.......#........
.#.
#.(##....#####......#.......
... ##.......# #.......'...#
≈..## #.........#
##......#...## #...#


You could see an eight-headed hydra.

Vanquished Creatures
  Gastronok (Lair:1)
  Fannar (Lair:2)
  Erica (D:8)
  3 hydras
  A death knight (D:12)
  4 two-headed ogres
  Nergalle (D:10)
  Sonja (D:10)
  4 skeletal warriors (D:12)
  An unseen horror (D:12)
  A phantasmal warrior (D:12)
  A manticore (D:11)
  2 ugly things
  A centaur zombie (D:12)
  A black mamba (Lair:2)
  Psyche (D:10)
  Joseph (D:9)
  A spiny frog (Lair:1)
  A rime drake (Lair:1)
  A gargoyle (D:10)
  A kobold demonologist (D:12)
  A freezing wraith (D:12)
  4 komodo dragons
  4 trolls
  9 slime creatures (D:12)
  Prince Ribbit (D:9)
  4 hippogriffs
  2 dream sheep (D:11)
  3 blink frogs (Lair:2)
  Sigmund (D:5)
  4 wyverns
  2 hungry ghosts
  24 yaks
  2 wraiths (D:12)
  2 steam dragons
  Edmund (D:6)
  A soldier ant (D:12)
  Duvessa (D:6)
  4 water moccasins
  3 porcupines
  4 phantoms
  4 sky beasts
  An ice beast (D:10)
  3 orc warriors
  2 necrophages
  An eye of draining (D:12)
  7 ogres
  2 black bears
  3 centaurs
  11 crocodiles
  5 big kobolds
  9 bullfrogs
  2 gnoll sergeants
  Dowan (D:6)
  A water moccasin zombie (D:9)
  2 scorpions
  A wyvern skeleton (D:9)
  3 spriggan skeletons (D:10)
  3 howler monkeys
  3 electric eels (Lair:2)
  6 crimson imps
  3 hounds
  3 jellies
  11 orc wizards
  A quasit (D:12)
  4 centaur skeletons
  7 orc priests
  2 bullfrog skeletons (D:8)
  Ijyb (D:5)
  5 iguanas
  9 worker ants
  17 gnolls
  A howler monkey skeleton (D:7)
  14 adders
  3 shadow imps
  17 white imps
  3 ufetubi (IceCv)
  5 oozes
  An adder skeleton (D:4)
  A worm (D:4)
  4 dart slugs
  4 leopard geckos
  40 orcs
  2 ball pythons
  11 bats
  7 giant cockroaches
  9 goblins
  5 hobgoblins
  17 jackals
  22 kobolds
  5 quokkas
  A ball python zombie (D:5)
  7 frilled lizards
  2 jackal zombies
  2 leopard gecko skeletons
  2 quokka zombies
  11 rats
436 creatures vanquished.

Vanquished Creatures (others)
  Nessos (D:12)
  A scorpion (D:11)
  2 ufetubi (IceCv)
  A fungus (Lair:2)
5 creatures vanquished.

Grand Total: 441 creatures vanquished

Notes
Turn   | Place    | Note
-------+----------+-------------------------------------------
     0 | D:1      | Ijustatesigmund the Octopode Fighter began the quest for
                  | the Orb.
     0 | D:1      | Reached XP level 1. HP: 16/16 MP: 1/1
   231 | D:1      | Reached XP level 2. HP: 6/21 MP: 2/2
   583 | D:1      | Reached XP level 3. HP: 21/26 MP: 3/3
  1421 | D:2      | Reached XP level 4. HP: 27/32 MP: 4/4
  2277 | D:3      | Reached XP level 5. HP: 37/37 MP: 5/5
  3324 | D:4      | Reached XP level 6. HP: 25/44 MP: 6/6
  3875 | D:4      | Noticed a wyvern
  3881 | D:4      | Killed a wyvern
  3881 | D:4      | Reached skill level 5 in Fighting
  3881 | D:4      | Reached skill level 5 in Maces & Flails
  3881 | D:4      | Reached XP level 7. HP: 25/50 MP: 7/7
  4048 | D:4      | Found a transporter.
  4051 | D:4      | Noticed a yak
  4053 | D:4      | Found a burning altar of Makhleb.
  4053 | D:4      | Found a radiant altar of Vehumet.
  4053 | D:4      | Found a hide-covered altar of Uskayaw.
  4278 | D:4      | Found a deep blue altar of Sif Muna.
  4341 | D:4      | Found a transporter.
  4600 | D:5      | Entered Level 5 of the Dungeon
  4600 | D:5      | Noticed Ijyb
  4607 | D:5      | Killed Ijyb
  4728 | D:5      | Reached skill level 5 in Shields
  4736 | D:5      | Reached XP level 8. HP: 27/57 MP: 8/8
  4978 | D:5      | Found an iron altar of Okawaru.
  4978 | D:5      | Noticed Sigmund
  4985 | D:5      | Killed Sigmund
  6181 | D:6      | Identified the amulet "Juapog" {Spirit +Fly MR- Int+4
                  | Stlth+}
  6181 | D:6      | Noticed Edmund
  6193 | D:6      | Killed Edmund
  6193 | D:6      | Reached XP level 9. HP: 30/64 MP: 9/9
  6273 | D:6      | Noticed Dowan
  6274 | D:6      | Noticed Duvessa
  6283 | D:6      | Killed Duvessa
  6289 | D:6      | Killed Dowan
  6562 | D:6      | Found Ulir's Armour Shop.
  6573 | D:6      | Bought a +0 large shield of reflection for 85 gold pieces
  6637 | D:6      | Found a sacrificial altar of Ru.
  6946 | D:7      | Found a staircase to the Ecumenical Temple.
  7008 | Temple   | Entered the Ecumenical Temple
  7097 | Temple   | Became a worshipper of Cheibriados the Contemplative
  7184 | D:7      | Found a bloodstained altar of Trog.
  7230 | D:7      | Reached skill level 1 in Invocations
  7242 | D:7      | Found a sparkling altar of Nemelex Xobeh.
  7535 | D:7      | Reached skill level 2 in Invocations
  7892 | D:8      | Reached skill level 3 in Invocations
  7900 | D:8      | Reached * piety under Cheibriados
  8320 | D:8      | Reached skill level 4 in Invocations
  8354 | D:8      | Reached skill level 5 in Dodging
  8411 | D:8      | Noticed Erica
  8423 | D:8      | Killed Erica
  8423 | D:8      | Reached skill level 5 in Invocations
  8423 | D:8      | Reached XP level 10. HP: 41/72 MP: 6/14
  8612 | D:8      | Reached ** piety under Cheibriados
  8940 | D:9      | Reached skill level 6 in Invocations
  9432 | D:9      | You fall into a shaft and drop 2 floors!
  9445 | D:11     | Reached *** piety under Cheibriados
  9457 | D:11     | Noticed a two-headed ogre
  9468 | D:10     | Entered Level 10 of the Dungeon
  9485 | D:11     | Reached skill level 7 in Invocations
  9532 | D:10     | Found a huge runed translucent gate.
  9533 | D:10     | Found a huge runed translucent gate.
  9534 | D:10     | Found a huge runed translucent gate.
  9658 | D:10     | Found a huge runed translucent gate.
  9658 | D:10     | Noticed a manticore
  9719 | D:10     | Killed a two-headed ogre
  9719 | D:10     | Reached XP level 11. HP: 78/80 MP: 16/16
  9727 | D:10     | Noticed Nergalle
  9738 | D:10     | Killed Nergalle
  9738 | D:10     | Reached skill level 8 in Invocations
 10105 | D:9      | Reached skill level 10 in Maces & Flails
 10174 | D:9      | Noticed a two-headed ogre
 10175 | D:9      | Noticed Joseph
 10182 | D:9      | Killed a two-headed ogre
 10182 | D:9      | Reached skill level 10 in Fighting
 10189 | D:9      | Killed Joseph
 10462 | D:9      | Noticed Prince Ribbit
 10469 | D:9      | Killed Prince Ribbit
 10666 | D:10     | Reached **** piety under Cheibriados
 10769 | D:10     | Reached skill level 9 in Invocations
 10777 | D:10     | Noticed Psyche
 10786 | D:10     | Killed Psyche
 10800 | D:10     | Noticed Sonja
 10812 | D:10     | Killed Sonja
 11722 | D:11     | Reached XP level 12. HP: 63/89 MP: 13/19
 11901 | D:11     | Found a staircase to the Lair.
 11985 | D:11     | Found Pavair's Antique Armour Boutique.
 12075 | D:11     | Reached skill level 10 in Invocations
 12159 | D:11     | Found a staircase to the Orcish Mines.
 12273 | D:11     | Noticed an eight-headed hydra
 12284 | D:11     | Killed an eight-headed hydra
 12556 | D:11     | Noticed a two-headed ogre
 12573 | D:11     | Killed a two-headed ogre
 12949 | D:11     | Noticed a three-headed hydra
 12991 | D:12     | Noticed Nessos
 13000 | D:12     | Killed Nessos
 13342 | D:12     | Gained mutation: You are partially covered in thin metallic
                  | scales. (AC +2) [potion of mutation]
 13342 | D:12     | Gained mutation: You expend magic power (3 MP) to
                  | strengthen your wands. [potion of mutation]
 13346 | D:12     | Noticed a two-headed ogre
 13356 | D:12     | Killed a two-headed ogre
 13356 | D:12     | Reached skill level 1 in Stealth
 13356 | D:12     | Reached skill level 1 in Evocations
 13391 | D:12     | Noticed a death knight
 13423 | D:12     | Reached skill level 11 in Invocations
 13428 | D:12     | Killed a death knight
 13768 | D:12     | Reached XP level 13. HP: 36/95 MP: 6/21
 14221 | D:12     | Found Buaffe's Food Boutique.
 14227 | D:12     | Reached skill level 5 in Stealth
 15198 | D:11     | Reached skill level 5 in Evocations
 15359 | Lair:1   | Entered Level 1 of the Lair of Beasts
 15395 | Lair:1   | Noticed Gastronok
 15413 | Lair:1   | Killed Gastronok
 15413 | Lair:1   | Reached skill level 12 in Invocations
 15713 | Lair:1   | Found a frozen archway.
 15716 | Lair:1   | Reached ***** piety under Cheibriados
 15727 | IceCv    | Entered an ice cave
 16598 | Lair:2   | Found a staircase to the Snake Pit.
 16676 | Lair:2   | Found a staircase to the Swamp.
 16752 | Lair:2   | Noticed Fannar
 16768 | Lair:2   | Killed Fannar
 17131 | Lair:2   | HP: 1/95 [eight-headed hydra (6)]
 17131 | Lair:2   | Slain by an eight-headed hydra

Levels and vault maps discovered:
D:1:      dpeg_arrival_ternary, layout_basic, minmay_lizard_pond
D:2:      layout_loops_cross, first_ration, minmay_misc_feat_hallway
D:3:      minmay_inner_zag, layout_loops_ring, minmay_misc_feat_diagonals
D:4:      layout_loops_ring, tgw_sif, gammafunk_temple_overflow_arena
D:5:      minmay_general_purpose_star, layout_rooms, okawaru_ov_weapons_minmay,
          uniq_sigmund, uniq_ijyb
D:6:      layout_basic, lemuel_coloured_pillars_altar, serial_shops,
          kennysheep_mini_moat, uniq_edmund, uniq_duvessa
D:7:      layout_loops_cross, nemelex_xobeh_ov_fountains_minmay,
          old_standard_altar, minmay_temple_entry_drinking_statues,
          nicolae_underground_beach
D:8:      layout_loops_corners, uniq_erica
D:9:      layout_basic, uniq_joseph, uniq_prince_ribbit1
D:10:     lemuel_bear_cage, layout_basic, hangedman_tell_no_tales, uniq_sonja,
          uniq_psyche, uniq_nergalle
D:11:     layout_loops_ring, erik_lair_dragon, serial_shops,
          nicolae_shop_crystal, hangedman_ranch [blue_anna_fruit_fields]
D:12:     layout_long_grid, serial_shops, nicolae_shop_stone, uniq_nessos
Temple:   dpeg_chambers_temple
Lair:1:   layout_gridlike, portal_ice_cave_entry_imps, uniq_gastronok
Lair:2:   layout_cave_pods, minmay_swamp_entry_eels, dummy_snake_entry,
          grunt_forest_stairs_basic, hangedman_lair_generics_rect, uniq_fannar

Skill      XL: |  1  2  3  4  5  6  7  8  9 10 11 12 13 |
---------------+----------------------------------------+-----
Maces & Flails | 3 4 5 6 7 8 9 10 11 | 11.6
Fighting       | 4 5 7 8 9 10 11 | 11.4
Shields        | 4 5 6 7 9 |  9.6
Invocations    | 5 7 9 11 12 | 12.6
Dodging        | 5 |  5.5
Stealth        | 4 7 |  7.4
Evocations     | 3 5 |  5.6

Action                   |  1- 3 |  4- 6 |  7- 9 | 10-12 | 13-15 || total
-------------------------+-------+-------+-------+-------+-------++-------
Melee: Flail             |    69 |   128 |   110 |   520 |   253 ||  1080
       Constrict         |    16 |    34 |    66 |    62 |    25 ||   203
       Tentacles         |     9 |    33 |    95 |   228 |   118 ||   483
       Whip              |       |       |   161 |       |       ||   161
Invok: Bend Time         |       |       |       |     1 |     1 ||     2
       Slouch            |       |       |       |     4 |     3 ||     7
Evoke: Wand              |       |       |       |     3 |     2 ||     5
  Use: Scroll            |     2 |     6 |     4 |     8 |     4 ||    24
       Potion            |       |     1 |     7 |    10 |     5 ||    23
 Stab: Sleeping          |     7 |     6 |    15 |    22 |    17 ||    67
       Distracted        |     1 |     2 |     2 |     4 |     1 ||    10
       Invisible         |       |       |     2 |    15 |       ||    17
  Eat: Chunk             |     1 |     6 |    10 |     7 |       ||    24
       Ration            |       |     1 |     1 |     1 |     2 ||     5
Armor: Skin              |     1 |     7 |     6 |    37 |    20 ||    71
Dodge: Dodged            |    31 |    38 |    60 |   160 |    89 ||   378
Block: Shield            |    22 |    12 |       |       |       ||    34
       Large shield      |       |    33 |   153 |   417 |   232 ||   835
       Reflection        |       |       |     3 |     8 |     4 ||    15

Table legend:
 A = Non-vault XP
 B = Vault XP
 C = Vault XP percentage of total XP
 D = Non-vault monster count
 E = Vault monster count
 F = Vault count percentage of total count
                 A         B        C        D         E       F
            +---------+---------+-------+---------+---------+-------
      Total |   37053 |   13270 |  26.4 |     359 |      77 |  17.7
            +---------+---------+-------+---------+---------+-------
        D:1 |      67 |       5 |   6.9 |      25 |       5 |  16.7
        D:2 |      58 |       0 |   0.0 |      28 |       0 |   0.0
        D:3 |     178 |       8 |   4.3 |      29 |       4 |  12.1
        D:4 |     502 |     291 |  36.7 |      24 |       7 |  22.6
        D:5 |     510 |     261 |  33.9 |      13 |       4 |  23.5
        D:6 |     593 |     394 |  39.9 |      18 |       3 |  14.3
        D:7 |     710 |       0 |   0.0 |      22 |       0 |   0.0
        D:8 |    1308 |     970 |  42.6 |      35 |       1 |   2.8
        D:9 |    3619 |     671 |  15.6 |      40 |       2 |   4.8
       D:10 |    3852 |    2500 |  39.4 |      30 |       9 |  23.1
       D:11 |    5382 |    3244 |  37.6 |      25 |      14 |  35.9
       D:12 |   13798 |     945 |   6.4 |      42 |       1 |   2.3
     Lair:1 |    2580 |    2431 |  48.5 |      13 |      13 |  50.0
     Lair:2 |    3896 |    1476 |  27.5 |      15 |       6 |  28.6
      IceCv |       0 |      74 | 100.0 |       0 |       8 | 100.0
            +---------+---------+-------+---------+---------+-------
